 Dungeon Crawl Stone Soup version 0.24.0-2-g5b39cebb1c (webtiles) character file.

Game seed: 12244119599354502724, levelgen mode: deterministic

331 wullow the Stinger (level 6, -7/41 HPs)
             Began as a Merfolk Venom Mage on Oct 31, 2019.
             Was an Initiate of Okawaru.
             Mangled by Duvessa
             ... wielding a +0 rapier
              (22 damage)
             ... on level 4 of the Dungeon.
             The game lasted 00:17:26 (4649 turns).

wullow the Stinger (Merfolk Venom Mage)             Turns: 4649, Time: 00:17:26

Health: -7/41      AC:  3    Str:  8    XL:     6   Next: 51%
Magic:  4/12       EV: 13    Int: 17    God:    Okawaru [......]
Gold:   167        SH:  0    Dex: 20    Spells: 7/13 levels left

rFire    . . .     SeeInvis .   e - +1 dagger
rCold    . . .     Gourm    .   (no shield)
rNeg     . . .     Faith    .   a - +0 robe
rPois    .         Spirit   .   p - +0 helmet
rElec    .         Reflect  .   (no cloak)
rCorr    .         Harm     .   (no gloves)
MR       .....                  (no boots)
Stlth    +++.......             (no amulet)
HPRegen  0.13/turn              s - +6 ring of dexterity
MPRegen  0.13/turn              (no ring)

@: very slightly contaminated
A: change form in water, swift swim, stealthy swim
a: Renounce Religion


You were on level 4 of the Dungeon.
You worshipped Okawaru.
Okawaru was noncommittal.
You were not hungry.

You visited 2 branches of the dungeon, and saw 5 of its levels.
You also visited: Sewer.

You collected 167 gold pieces.

Inventory:

Hand Weapons
 e - a +1 dagger (weapon)
 n - a +0 short sword
 r - a +0 rapier
 C - a +1 whip of electrocution
Missiles
 f - 120 stones
 g - 12 poisoned darts (quivered)
 h - 55 sling bullets
 x - 25 arrows
Armour
 a - a +0 robe (worn)
 p - a +0 helmet (worn)
 B - the +1 leather armour "Niorhi" {rF+ Regen+ Int-5}
   (You found it on level 4 of the Dungeon)

   It affects your intelligence (-5).
   It protects you from fire.
   It increases your rate of regeneration.
Jewellery
 l - an uncursed ring of ice
 s - a +6 ring of dexterity (left hand)
Scrolls
 b - a scroll of random uselessness {unknown}
 d - 3 scrolls of remove curse
 i - 2 scrolls of enchant weapon
 k - a scroll of noise {unknown}
 m - 2 scrolls of blinking
 q - a scroll of magic mapping
 t - 4 scrolls of teleportation
 v - a scroll of amnesia {unknown}
 y - a scroll of immolation {unknown}
 A - a scroll of identify
 D - a scroll of fear {unknown}
Potions
 j - a potion of might
 o - 5 potions of magic
 w - a potion of brilliance
 z - a potion of heal wounds
Comestibles
 c - 4 rations
 u - 2 chunks of flesh


   Skills:
 - Level 1.0 Short Blades
 - Level 2.6 Dodging
 - Level 3.0 Stealth
 * Level 4.1 Spellcasting
 - Level 2.0 Conjurations
 + Level 1.7 Air Magic
 + Level 4.4 Poison Magic


You had 7 spell levels left.
You knew the following spells:

 Your Spells              Type           Power        Failure   Level  Hunger
a - Sting                 Conj/Pois      ##..         4%          1    None
b - Poisonous Vapours     Pois/Air       ##....       7%          2    ##.....
c - Mephitic Cloud        Conj/Pois/Air  ##......     16%         3    ###....

Your spell library contained the following spells:

 Spells                   Type           Power        Failure   Level  Hunger
 Olgreb's Toxic Radiance  Pois           ###.....     24%         4    ####...
 Venom Bolt               Conj/Pois      ##........   75%         5    ######.


Dungeon Overview and Level Annotations

Branches:
Dungeon (4/15)             Temple (1/1) D:4           Sewer (visited)

Altars:
Ashenzari
Dithmenos
Fedhas
Gozag
Hepliaklqana
Kikubaaqudgha
Makhleb
Nemelex Xobeh
Okawaru
Qazlal
Sif Muna
Wu Jian
Xom
Zin
The Shining One

Annotations:
D:4 Duvessa


Message History

Confirm with . or Enter, or press ? or * to list all spells.
Aiming: Poisonous Vapours (safe; 7% risk of failure)
Press: ? - help, Dir - move target cursor, f/p - Duvessa
Aim: Duvessa, wielding a +0 rapier and wearing a +0 chain mail (lightly wounded, berserk, fast, unusually strong, poisoned) Poisonous vapours surround Duvessa!
Duvessa looks even sicker.
Duvessa misses you.
Casting: Poisonous Vapours (safe; 7% risk of failure)
Confirm with . or Enter, or press ? or * to list all spells.
Aiming: Poisonous Vapours (safe; 7% risk of failure)
Press: ? - help, Dir - move target cursor, f/p - Duvessa
Aim: Duvessa, wielding a +0 rapier and wearing a +0 chain mail (lightly wounded, berserk, fast, unusually strong, poisoned) Poisonous vapours surround Duvessa!
Duvessa is engulfed in poison gas.
Duvessa looks even sicker.
Duvessa hits you but does no damage.
Duvessa is engulfed in poison gas.
Duvessa looks as sick as possible!
Duvessa hits you with a +0 rapier!
Unknown command.
Duvessa rages.
Duvessa hits you with a +0 rapier!!
Ouch! That really hurt!
You die...

*,**,*,,,,*,,,* *,* #
*,*#..#,,*,...# *,* #
*,*#.,.#**,.,.#******,***#
*,*#....###...*,,,,,,,,,,#
*,**....#..#.,*,*****,**,#
*,**,..#....#,*,* *,**,.
*,*#.##.....#.#.# *,**##
*,*#............# *,****
*,**#.###@#****** ***,,,,,
*,* #....e# *,,,,,** *,*
#####)# *,***,,,
*.#######.########*,* ****
*.................,,*****
*###.####..#######***,,,**
*,* ##.# *,*,,, ****,**
#.# *,,,** *,,,,,* #.#
**,**


You could see Duvessa (berserk).

Vanquished Creatures
  An ogre (D:4)
  Dowan (D:4)
  6 adders
  4 river rats (Sewer)
  An ooze (D:1)
  A worm (D:3)
  A dart slug (D:1)
  6 leopard geckos
  7 orcs
  6 ball pythons (Sewer)
  5 giant cockroaches (D:3)
  7 goblins
  10 hobgoblins
  5 jackals
  5 quokkas
  6 bats
  7 frilled lizards
  7 kobolds
  14 rats
100 creatures vanquished.

Notes
Turn   | Place    | Note
-------+----------+-------------------------------------------
     0 | D:1      | wullow the Merfolk Venom Mage began the quest for the Orb.
     0 | D:1      | Reached XP level 1. HP: 13/13 MP: 3/3
   337 | D:1      | Reached skill level 1 in Conjurations
   337 | D:1      | Reached XP level 2. HP: 15/19 MP: 3/5
   341 | D:1      | Learned a level 2 spell: Poisonous Vapours
   733 | D:1      | Reached XP level 3. HP: 10/24 MP: 0/7
   801 | D:1      | Learned a level 3 spell: Mephitic Cloud
  1496 | D:2      | Reached XP level 4. HP: 30/30 MP: 0/8
  2411 | D:3      | Found a shimmering altar of Xom.
  2411 | D:3      | Found an opulent altar of Gozag.
  2433 | D:3      | Reached skill level 1 in Air Magic
  2517 | D:3      | Found a glowing drain.
  2550 | Sewer    | Entered a sewer
  2649 | Sewer    | Reached skill level 1 in Short Blades
  2681 | Sewer    | Reached XP level 5. HP: 29/35 MP: 1/10
  4038 | D:3      | Found a sparkling altar of Nemelex Xobeh.
  4290 | D:4      | Noticed Dowan
  4303 | D:4      | Killed Dowan
  4303 | D:4      | Reached XP level 6. HP: 41/41 MP: 5/11
  4392 | D:4      | Found a staircase to the Ecumenical Temple.
  4406 | D:4      | Got a bloodstained leather armour
  4411 | Temple   | Entered the Ecumenical Temple
  4422 | Temple   | Identified the +1 leather armour "Niorhi" {rF+ Regen+
                  | Int-5} (You found it on level 4 of the Dungeon)
  4440 | Temple   | Became a worshipper of Warmaster Okawaru
  4643 | D:4      | Noticed Duvessa
  4649 | D:4      | Mangled by Duvessa

Levels and vault maps discovered:
D:1:      onia_arrival_pentagram, layout_loops_ring
D:2:      layout_loops_corners, minmay_door_square
D:3:      layout_loops_corners, nemelex_xobeh_ov_fountains_minmay,
          gammafunk_temple_overflow_wave, portal_sewer_entry_f
D:4:      layout_loops_ring, temple_pool_b, minmay_misc_feat_chi, uniq_duvessa
Temple:   nicolae_temple_x_marks_the_god

Skill      XL: |  1  2  3  4  5  6 |
---------------+-------------------+-----
Conjurations   | 1 2 |  2.0
Spellcasting   | 3 4 |  4.1
Air Magic      | 1 |  1.7
Poison Magic   | 4 |  4.4
Short Blades   | 1 |  1.0
Stealth        | 3 |  3.0
Dodging        | |  2.6

Action                   |  1- 3 |  4- 6 || total
-------------------------+-------+-------++-------
Melee: Dagger            |    42 |    70 ||   112
Throw: Dart              |     4 |    10 ||    14
 Cast: Sting             |    63 |   123 ||   186
       Poisonous Vapours |       |    17 ||    17
       Mephitic Cloud    |       |     2 ||     2
  Use: Scroll            |       |    10 ||    10
 Stab: Sleeping          |       |     1 ||     1
  Eat: Chunk             |     3 |    10 ||    13
Armor: Robe              |     8 |    21 ||    29
Dodge: Dodged            |    34 |    74 ||   108
